[Event "Team 45 45 League T97"]
[Site "Internet Chess Club"]
[Date "2023.10.01"]
[Round "8"]
[White "kabindra"]
[Black "fireball"]
[Result "0-1"]
[WhiteElo "1703"]
[BlackElo "1573"]
[Opening "French: advance, Milner-Barry gambit"]
[ECO "C02"]
[Time "13:04:34"]
[PlyCount "128"]
[TimeControl "2700+45"]

1. e4 e6 2. d4 d5 3. e5 c5 4. c3 Nc6 5. Nf3 Qb6 6. Bd3 cxd4 7. cxd4 Bd7 8. O-O
Nxd4 9. Nbd2 Nxf3+ 10. Nxf3 Ne7 11. Be3 Qd8 12. Bc5 b6 13. Bd6 Ng6 14. Bxf8 Kxf8
15. Qb3 Rc8 16. Qb4+ Ne7 17. Rad1 Ke8 18. Qg4 Ng6 19. h4 h5 20. Qg3 Rh6 21. Ng5
f6 22. exf6 Qxf6 23. f4 Ne7 24. f5 e5 25. Ne6 e4 26. Ba6 Rc2 27. Qb8+ Nc8 28.
Nc7+ Rxc7 29. Qxc7 Ne7 30. Qb8+ Kf7 31. Qxa7 Qd6 32. Rc1 Rf6 33. Rc7 Bxf5 34.
Bb5 Be6 35. Rxf6+ Kxf6 36. Qb8 Ke5 37. Qf8 Nf5 38. Qxd6+ Kxd6 39. Rc6+ Ke5 40.
Rxb6 d4 41. Be2 d3 42. Bxh5 e3 43. Rb5+ Kf4 44. Rb4+ Ke5 45. Bf3 e2 46. Kf2 Nd4
47. Ra4 Bd5 48. Ra5 Nxf3 49. gxf3 Kd4 50. Ra4+ Ke5 51. f4+ Kf5 52. Ke1 Be4 53.
Kd2 Kxf4 54. Ra7 g6 55. Rf7+ Kg4 56. a4 Bf5 57. a5 Kf3 58. a6 Kf2 59. Re7 Bg4
60. a7 Bf3 61. Re3 Ba8 62. Re6 Bf3 63. Rf6 e1=Q+ 64. Kxd3 Qe3+ {White resigns}
0-1

[Event "Team 45 45 League T97"]
[Site "Internet Chess Club"]
[Date "2023.09.30"]
[Round "8"]
[White "Andressa"]
[Black "isolani"]
[Result "1/2-1/2"]
[WhiteElo "1294"]
[BlackElo "1512"]
[Opening "Caro-Kann defense"]
[ECO "B11"]
[Time "09:14:55"]
[PlyCount "44"]
[TimeControl "2700+45"]

1. e4 c6 2. Nc3 d5 3. exd5 cxd5 4. d4 Nf6 5. Nf3 e6 6. Be2 Nc6 7. O-O Be7 8. h3
Bd7 9. Bf4 a6 10. a3 O-O 11. Re1 Rc8 12. Ne5 Nxe5 13. Bxe5 Ne8 14. Bg4 Qb6 15.
Rb1 f6 16. Bf4 Rc4 17. Ne2 f5 18. Bf3 Nf6 19. c3 Ne4 20. Be5 Bh4 21. g3 Bg5 22.
Nf4 Rcc8 {Game drawn by mutual agreement} 1/2-1/2

[Event "Team 45 45 League T97"]
[Site "Internet Chess Club"]
[Date "2023.10.02"]
[Round "8"]
[White "VictorRed"]
[Black "Alec-hine"]
[Result "0-1"]
[WhiteElo "1679"]
[BlackElo "1960"]
[Opening "Queen's pawn game"]
[ECO "D02"]
[Time "22:09:27"]
[PlyCount "102"]
[TimeControl "2700+45"]

1. d4 d5 2. Nf3 e6 3. g3 b6 4. Bg2 Bb7 5. O-O Nd7 6. Nc3 Ngf6 7. Bg5 h6 8. Bd2
c5 9. e3 Bd6 10. Nb5 Bb8 11. Nc3 O-O 12. Re1 a6 13. a3 Bd6 14. Ne2 Qe7 15. c3
Rac8 16. Nc1 e5 17. dxe5 Nxe5 18. Nxe5 Bxe5 19. Nd3 Bb8 20. Nf4 Ne4 21. Bc1 Rcd8
22. Qb3 Bc7 23. Qc2 b5 24. b3 Nxc3 25. Bb2 Ne4 26. Nd3 Bb6 27. Rad1 Rfe8 28. Kh1
Rc8 29. f3 Nf6 30. Qd2 Red8 31. Nf2 a5 32. h3 b4 33. Ng4 Nxg4 34. hxg4 Qg5 35.
Qe2 h5 36. gxh5 Qxg3 37. f4 Ra8 38. Qf3 Qxf3 39. Bxf3 a4 40. bxa4 b3 41. Rg1 Kf8
42. Bxg7+ Ke7 43. h6 c4 44. h7 Rh8 45. Bxh8 Rxh8 46. Bxd5 Rxh7+ 47. Kg2 Rg7+ 48.
Kf2 Rxg1 49. Kxg1 Bxd5 50. Rxd5 c3 51. Rd1 c2 {White resigns} 0-1

[Event "Team 45 45 League T97"]
[Site "Internet Chess Club"]
[Date "2023.10.01"]
[Round "8"]
[White "timcent"]
[Black "Sandrotov"]
[Result "1-0"]
[WhiteElo "1928"]
[BlackElo "1644"]
[Opening "QGD: exchange, positional line"]
[ECO "D35"]
[Time "12:01:12"]
[PlyCount "81"]
[TimeControl "2700+45"]

1. d4 d5 2. c4 e6 3. Nc3 Nf6 4. cxd5 exd5 5. Bg5 Be7 6. e3 O-O 7. Bd3 Nbd7 8.
Qc2 Re8 9. Nge2 c6 10. O-O Ne4 11. Bxe7 Qxe7 12. Rae1 Ndf6 13. f3 Nd6 14. Ng3 h5
15. Nh1 Qc7 16. Nf2 c5 17. Nb5 Nxb5 18. Bxb5 Bd7 19. Bxd7 Nxd7 20. Nd3 Qc6 21.
dxc5 Rac8 22. b4 b6 23. Re2 bxc5 24. bxc5 Nb6 25. Qc3 Na4 26. Qd4 Rc7 27. Rc1 a5
28. Kf2 g6 29. Ne5 Qb5 30. Rec2 Rd8 31. e4 Rdc8 32. exd5 Nxc5 33. Rb2 Qe8 34.
Re1 Re7 35. Rbe2 Qb5 36. d6 Re6 37. d7 Rd8 38. Rb2 Qxb2+ 39. Qxb2 Rxe5 40. Rxe5
Nd3+ 41. Ke2 {Black resigns} 1-0

[Event "Team 45 45 League T97"]
[Site "Internet Chess Club"]
[Date "2023.09.30"]
[Round "8"]
[White "THE-WARRIOR"]
[Black "DaveTheRook"]
[Result "1-0"]
[WhiteElo "1612"]
[BlackElo "1440"]
[Opening "Alekhine's defense"]
[ECO "B02"]
[Time "15:31:24"]
[PlyCount "109"]
[TimeControl "2700+45"]

1. e4 Nf6 2. e5 Nd5 3. c4 Nb6 4. Nf3 e6 5. d4 Be7 6. Bd3 d6 7. O-O O-O 8. Qc2 g6
9. Bh6 Re8 10. Rd1 Bf8 11. Bg5 Be7 12. Be3 d5 13. c5 N6d7 14. Nc3 Nc6 15. a3 a6
16. b4 f5 17. Qd2 Bf8 18. Rdc1 Qe7 19. Rab1 Bg7 20. a4 Qf8 21. b5 Ne7 22. Ng5
Nb8 23. f4 h6 24. Nf3 c6 25. Qf2 Bd7 26. bxa6 bxa6 27. Rb6 Rd8 28. Qg3 Be8 29.
a5 Nd7 30. Rbb1 Rdb8 31. Na4 Rxb1 32. Rxb1 Bf7 33. Qe1 Qd8 34. Nb6 Nxb6 35. Rxb6
Rb8 36. Bxa6 Rxb6 37. axb6 Qb8 38. Nd2 Be8 39. Nb3 Bd7 40. Na5 Bc8 41. b7 Bd7
42. Qb4 Kf7 43. Qb6 Bf8 44. Nb3 Bg7 45. Na1 Bf8 46. Nc2 Ng8 47. Nb4 Be7 48. Nxc6
Bxc6 49. Qxc6 Bd8 50. Qc8 Bc7 51. Qxb8 Bxb8 52. Bd2 Ke7 53. Ba5 Ba7 54. Bb6 Bxb6
55. cxb6 {Black resigns} 1-0

[Event "Team 45 45 League T97"]
[Site "Internet Chess Club"]
[Date "2023.10.01"]
[Round "8"]
[White "seattleblues"]
[Black "julesraider"]
[Result "0-1"]
[WhiteElo "1341"]
[BlackElo "1662"]
[Opening "King's Indian, 3.Nf3"]
[ECO "E61"]
[Time "20:33:29"]
[PlyCount "42"]
[TimeControl "2700+45"]

1. d4 Nf6 2. c4 g6 3. Nf3 Bg7 4. Nc3 d6 5. Bf4 O-O 6. e3 Nbd7 7. Be2 Re8 8. O-O
Nh5 9. Bg5 h6 10. Bh4 Nhf6 11. Bg3 Nh5 12. Bh4 Nhf6 13. Bg3 Nh7 14. h3 e5 15.
dxe5 dxe5 16. Re1 e4 17. Nd2 Nc5 18. Qc2 c6 19. Ndxe4 Bf5 20. Bf3 Ng5 21. Rad1
Qb6 {White resigns} 0-1

[Event "Team 45 45 League T97"]
[Site "Internet Chess Club"]
[Date "2023.10.03"]
[Round "8"]
[White "HomerSimpson"]
[Black "cyborg86"]
[Result "0-1"]
[WhiteElo "1971"]
[BlackElo "2259"]
[Opening "Queen's pawn, Mason variation"]
[ECO "D00"]
[Time "00:03:22"]
[PlyCount "88"]
[TimeControl "2700+45"]

1. d4 d5 2. Bf4 Nf6 3. e3 c5 4. dxc5 Nc6 5. Bb5 Bd7 6. c3 e6 7. b4 a5 8. Nd2
axb4 9. Bxc6 Bxc6 10. cxb4 b6 11. cxb6 Qxb6 12. a3 Qa6 13. Be5 Nd7 14. Bb2 Bd6
15. Ne4 Be7 16. Nc3 O-O 17. Nge2 Nb6 18. O-O Nc4 19. Qc2 Rfc8 20. Nd4 Bd7 21.
Rfb1 Qb7 22. Bc1 Bf6 23. Qd3 Qc7 24. Rb3 Qe5 25. Rab1 Qh5 26. Nde2 Be5 27. f4
Bd6 28. Ng3 Qh4 29. Qd4 Bc7 30. Kh1 Bb6 31. Qd3 Bc6 32. b5 Bb7 33. a4 Rd8 34.
Rb4 Bc5 35. R4b3 e5 36. Nd1 Rxa4 37. Nb2 Ra2 38. fxe5 Nxe5 39. Qf5 Ng4 40. Qh5
Qxh5 41. Nxh5 d4 42. exd4 Rxd4 43. h3 Rd1+ 44. Nxd1 Bxg2# {White checkmated} 0-1

[Event "Team 45 45 League T97"]
[Site "Internet Chess Club"]
[Date "2023.10.01"]
[Round "8"]
[White "timcent"]
[Black "primerpaso"]
[Result "0-1"]
[WhiteElo "1906"]
[BlackElo "1803"]
[Opening "Nimzo-Indian: Sämisch variation"]
[ECO "E25"]
[Time "16:00:26"]
[PlyCount "92"]
[TimeControl "2700+45"]

1. d4 Nf6 2. c4 e6 3. Nc3 Bb4 4. f3 d5 5. a3 Bxc3+ 6. bxc3 c5 7. cxd5 exd5 8. e3
O-O 9. Bd3 Re8 10. Ne2 b6 11. O-O Ba6 12. Ng3 Bxd3 13. Qxd3 cxd4 14. cxd4 Nc6
15. Bd2 Qd7 16. Rfc1 Rec8 17. Qf5 Ne7 18. Qxd7 Nxd7 19. Bb4 Rxc1+ 20. Rxc1 Rc8
21. Rxc8+ Nxc8 22. a4 a5 23. Ba3 f6 24. Ne2 f5 25. Nc3 Nf6 26. h3 Kf7 27. g4 Ke6
28. g5 Ne8 29. Nb5 Kd7 30. Kf2 Ncd6 31. Nc3 Nc7 32. Kg3 Nc4 33. Bc1 Kc6 34. h4
g6 35. h5 Ne6 36. hxg6 hxg6 37. Ne2 b5 38. axb5+ Kxb5 39. Nf4 Nxf4 40. Kxf4 a4
41. e4 fxe4 42. fxe4 Kc6 43. e5 a3 44. Bxa3 Nxa3 45. e6 Nc4 46. e7 Kd7 {White
resigns} 0-1

[Event "Team 45 45 League T97"]
[Site "Internet Chess Club"]
[Date "2023.09.30"]
[Round "8"]
[White "fishhead"]
[Black "Pawnchain"]
[Result "1-0"]
[WhiteElo "1706"]
[BlackElo "1373"]
[Opening "Petrov's defense"]
[ECO "C42"]
[Time "14:00:10"]
[PlyCount "77"]
[TimeControl "2700+45"]

1. e4 e5 2. Nf3 Nf6 3. Nxe5 Nc6 4. Nxc6 dxc6 5. f3 Bc5 6. c3 O-O 7. d4 Be7 8.
Bd3 Nh5 9. Be3 b6 10. O-O Be6 11. Nd2 Nf6 12. Qc2 g6 13. Bh6 Re8 14. e5 Nd5 15.
Ne4 f5 16. exf6 Bxf6 17. Rae1 Bg7 18. Bg5 Qd7 19. Re2 Bf5 20. Rfe1 Bxe4 21. fxe4
Nf6 22. e5 Ng4 23. h3 Nh6 24. g4 Re6 25. Bc4 Qd5 26. Bxd5 cxd5 27. Rf2 c6 28.
Ref1 Rae8 29. Qd2 Nxg4 30. hxg4 h5 31. gxh5 gxh5 32. Bf6 Bxf6 33. Rxf6 Rxf6 34.
Rxf6 Rxe5 35. dxe5 c5 36. Qg5+ Kh8 37. Qxh5+ Kg7 38. Qh6+ Kg8 39. Rf8# {Black
checkmated} 1-0

[Event "Team 45 45 League T97"]
[Site "Internet Chess Club"]
[Date "2023.10.03"]
[Round "8"]
[White "jonesey"]
[Black "Alec-hine"]
[Result "0-1"]
[WhiteElo "1831"]
[BlackElo "1971"]
[Opening "French: Winawer, advance, poisoned pawn, Konstantinopolsky variation"]
[ECO "C18"]
[Time "12:04:41"]
[PlyCount "44"]
[TimeControl "2700+45"]

1. e4 e6 2. d4 d5 3. Nc3 Bb4 4. e5 c5 5. a3 Bxc3+ 6. bxc3 Ne7 7. Qg4 Qc7 8. Qxg7
Rg8 9. Qxh7 cxd4 10. Ne2 Nbc6 11. f4 dxc3 12. Qd3 d4 13. Nxd4 Nxd4 14. Qxd4 Bd7
15. a4 Nf5 16. Qf2 Qc6 17. Rg1 Qe4+ 18. Qe2 Qd4 19. Qf2 Qe4+ 20. Qe2 Qd5 21. Qf2
Bc6 22. Be3 Qe4 {White resigns} 0-1

[Event "Team 45 45 League T97"]
[Site "Internet Chess Club"]
[Date "2023.10.01"]
[Round "8"]
[White "magiclydonkey"]
[Black "Fischeresque930"]
[Result "0-1"]
[WhiteElo "1624"]
[BlackElo "2036"]
[Opening "Caro-Kann: advance variation"]
[ECO "B12"]
[Time "14:00:44"]
[PlyCount "128"]
[TimeControl "2700+45"]

1. e4 c6 2. d4 d5 3. e5 Bf5 4. Be3 e6 5. Nf3 Nd7 6. Be2 Ne7 7. O-O Qb6 8. Nbd2
Qxb2 9. Rb1 Qxa2 10. Rxb7 Bxc2 11. Qc1 Nb6 12. Qa1 Qxa1 13. Rxa1 Nec8 14. Rc1
Ba4 15. Ng5 Be7 16. Bd3 h6 17. Nh3 a5 18. f4 g6 19. g4 Ra7 20. Rxa7 Nxa7 21. f5
gxf5 22. gxf5 Kd7 23. f6 Bb4 24. Kf2 Bb5 25. Nf4 a4 26. Rg1 Bf8 27. Ke2 Nac8 28.
Rb1 Nc4 29. Bxc4 dxc4 30. Ne4 a3 31. Nc3 Ba6 32. Bc1 Rg8 33. Kf2 Kc7 34. Ra1 Bb4
35. Nfe2 c5 36. d5 exd5 37. Nxd5+ Kc6 38. Nef4 Bb7 39. Bxa3 Bxa3 40. Rxa3 Rd8
41. Ne3 Rd4 42. Kg3 Nb6 43. e6 fxe6 44. f7 Nd7 45. Nxe6 Rd6 46. f8=Q Nxf8 47.
Nxf8 Rf6 48. Nxc4 Rxf8 49. Na5+ Kc7 50. Rc3 Rf5 51. Nxb7 Kxb7 52. Kg4 Rg5+ 53.
Kf4 Kc6 54. h4 Rh5 55. Kg4 Rd5 56. Rf3 h5+ 57. Kf4 c4 58. Re3 Kc5 59. Re8 Kd4
60. Re1 Kc3 61. Rc1+ Kb3 62. Ke4 Rd2 63. Rb1+ Rb2 64. Ra1 Rh2 {White resigns}
0-1

[Event "Team 45 45 League T97"]
[Site "Internet Chess Club"]
[Date "2023.10.01"]
[Round "8"]
[White "stantheman59"]
[Black "keithuws1"]
[Result "0-1"]
[WhiteElo "1100"]
[BlackElo "1472"]
[Opening "Grünfeld: 4.Bf4"]
[ECO "D82"]
[Time "12:02:38"]
[PlyCount "118"]
[TimeControl "2700+45"]

1. d4 Nf6 2. c4 g6 3. Nc3 d5 4. Bf4 c6 5. Qd2 Bf5 6. h3 Ne4 7. Nxe4 Bxe4 8. f3
Bf5 9. g4 Bd7 10. Bh6 dxc4 11. Bxf8 Rxf8 12. e4 Be6 13. Qc3 Qb6 14. O-O-O Qa6
15. Kb1 Qa4 16. Rd2 Na6 17. Ne2 Nb4 18. Nc1 Nd3 19. Be2 O-O-O 20. Bd1 Qb5 21.
Nxd3 cxd3 22. Rxd3 Kb8 23. Qa3 Qc4 24. d5 cxd5 25. Be2 Qc7 26. Rc1 Qh2 27. Bf1
Rc8 28. Rxc8+ Rxc8 29. Rc3 Rxc3 30. bxc3 Qf2 31. Bb5 Qxf3 32. exd5 Qe4+ 33. Kb2
Qxd5 34. c4 Qd4+ 35. Kb3 a6 36. Be8 Bxc4+ 37. Kc2 Qf2+ 38. Kb1 e5 39. Qd6+ Ka7
40. Qxe5 Qf1+ 41. Kb2 Qf2+ 42. Kc1 Bxa2 43. Bc6 Qb6 44. Be4 Qe3+ 45. Kb2 Be6 46.
Kc2 Qb3+ 47. Kd2 Qb4+ 48. Ke3 a5 49. Bxb7 Kxb7 50. Qe4+ Ka7 51. Qxb4 axb4 52.
Kd3 Ka6 53. Kc2 Ka5 54. Kb2 Ka4 55. g5 Bxh3 56. Kb1 Ka3 57. Ka1 b3 58. Kb1 Bf5+
59. Ka1 b2# {White checkmated} 0-1

[Event "Team 45 45 League T97"]
[Site "Internet Chess Club"]
[Date "2023.09.30"]
[Round "8"]
[White "ARMAND02019"]
[Black "Sandrotov"]
[Result "0-1"]
[WhiteElo "1576"]
[BlackElo "1650"]
[Opening "Queen's pawn game, Darooha variation "]
[ECO "D02"]
[Time "20:00:35"]
[PlyCount "94"]
[TimeControl "2700+45"]

1. d4 d5 2. Nf3 Nf6 3. g3 e6 4. Bg2 Be7 5. O-O O-O 6. Nc3 c5 7. Re1 Nc6 8. e3 b6
9. Ne5 Bb7 10. Nxc6 Bxc6 11. f4 Qc7 12. g4 Ne4 13. Nxe4 dxe4 14. c3 f6 15. b3
Rad8 16. Qc2 Qb7 17. Bb2 Rfe8 18. Rad1 a5 19. Rd2 Rd7 20. Red1 Red8 21. h4 b5
22. Bh3 c4 23. Kh2 g5 24. hxg5 fxg5 25. Rf2 Qc7 26. Bc1 Rf8 27. Kg1 Bd8 28. Bg2
Qb7 29. Qe2 Bd5 30. Qc2 Rdf7 31. Rdf1 Be7 32. Bd2 Bd6 33. f5 Bg3 34. Re2 exf5
35. gxf5 Rxf5 36. Rxf5 Rxf5 37. Bh3 Rf6 38. Rg2 Qc7 39. Qd1 h6 40. b4 axb4 41.
cxb4 c3 42. Bc1 Bc4 43. Rc2 Bd3 44. Bg2 Bh2+ 45. Kh1 Bxc2 46. Qxc2 Qg3 47. Qxe4
Rf1+ {White resigns} 0-1

[Event "Team 45 45 League T97"]
[Site "Internet Chess Club"]
[Date "2023.09.28"]
[Round "8"]
[White "QuieroAprender"]
[Black "Signofthetimes"]
[Result "1-0"]
[WhiteElo "1580"]
[BlackElo "1548"]
[Opening "Caro-Kann: two knights variation"]
[ECO "B11"]
[Time "20:46:45"]
[PlyCount "63"]
[TimeControl "2700+45"]

1. e4 c6 2. Nc3 d5 3. Nf3 a6 4. a3 Bg4 5. h3 Bh5 6. exd5 cxd5 7. Be2 e6 8. d4
Nf6 9. Bg5 Be7 10. Bxf6 Bxf6 11. Ne5 Bxe2 12. Qxe2 O-O 13. f4 Qb6 14. Qd2 Nc6
15. Nxc6 bxc6 16. O-O Qxd4+ 17. Qf2 Qxf2+ 18. Kxf2 Bxc3 19. bxc3 c5 20. a4 Rab8
21. Rfb1 c4 22. Rb4 a5 23. Rb5 Rxb5 24. axb5 Ra8 25. Ke3 Kf8 26. Kd4 Ke7 27. Kc5
Kd7 28. b6 Rc8+ 29. Kb5 Ra8 30. b7 Rb8 31. Kb6 Re8 32. Rxa5 {Black resigns} 1-0

[Event "Team 45 45 League T97"]
[Site "Internet Chess Club"]
[Date "2023.09.28"]
[Round "8"]
[White "Kingofknights"]
[Black "kabindra"]
[Result "0-1"]
[WhiteElo "1589"]
[BlackElo "1782"]
[Opening "QGA: Alekhine defense"]
[ECO "D21"]
[Time "16:30:08"]
[PlyCount "46"]
[TimeControl "2700+45"]

1. d4 d5 2. c4 dxc4 3. Nf3 a6 4. a4 Nc6 5. Nc3 e5 6. Nxe5 Nxe5 7. dxe5 Qxd1+ 8.
Kxd1 Be6 9. e4 O-O-O+ 10. Kc2 Ne7 11. Be3 Nc6 12. Rd1 Nxe5 13. Rxd8+ Kxd8 14. h3
Kc8 15. f4 Nd3 16. Bxd3 cxd3+ 17. Kxd3 Bb4 18. f5 Bb3 19. Bd4 Rd8 20. Ke3 f6 21.
Ne2 Bxa4 22. Rc1 b6 23. Bxb6 Bd2+ {White resigns} 0-1

[Event "Team 45 45 League T97"]
[Site "Internet Chess Club"]
[Date "2023.10.01"]
[Round "8"]
[White "rjhoro"]
[Black "tightfist"]
[Result "1-0"]
[WhiteElo "1213"]
[BlackElo "1370"]
[Opening "Queen's pawn"]
[ECO "A40"]
[Time "18:00:31"]
[PlyCount "57"]
[TimeControl "2700+45"]

1. d4 e6 2. c4 c5 3. dxc5 Bxc5 4. Nf3 Nf6 5. Nc3 Nc6 6. Bg5 Be7 7. e3 a6 8. Bd3
O-O 9. O-O d5 10. Bxf6 Bxf6 11. cxd5 exd5 12. Nxd5 Bxb2 13. Rb1 Bf6 14. Nxf6+
Qxf6 15. Qc2 g6 16. h4 Ne5 17. Nxe5 Qxe5 18. Be4 Qe7 19. h5 f5 20. Bd5+ Kg7 21.
Qb2+ Kh6 22. hxg6 hxg6 23. f4 Qxe3+ 24. Kh1 Rb8 25. Rf3 Qxf3 26. Bxf3 b5 27. g3
Be6 28. Kg2 Bc4 29. Rh1# {Black checkmated} 1-0

[Event "Team 45 45 League T97"]
[Site "Internet Chess Club"]
[Date "2023.10.02"]
[Round "8"]
[White "Gojira"]
[Black "Lawkeito"]
[Result "0-1"]
[WhiteElo "1637"]
[BlackElo "1793"]
[Opening "Queen's pawn: Chigorin variation"]
[ECO "D00"]
[Time "20:03:17"]
[PlyCount "48"]
[TimeControl "2700+45"]

1. d4 d5 2. Nc3 Nf6 3. Bf4 e6 4. Nb5 Na6 5. e3 Be7 6. Nf3 O-O 7. h3 c6 8. Nc3 c5
9. Bd3 c4 10. Be2 Bb4 11. O-O Bxc3 12. bxc3 Ne4 13. Nd2 Nxc3 14. Qe1 Nb4 15. Nf3
Nbxa2 16. Qd2 Nxe2+ 17. Qxe2 Nb4 18. Rfb1 Nc6 19. e4 dxe4 20. Qxe4 Qd5 21. Qe3
b5 22. c3 a6 23. Nd2 Bb7 24. Ne4 Nxd4 {White resigns} 0-1

[Event "Team 45 45 League T97"]
[Site "Internet Chess Club"]
[Date "2023.10.01"]
[Round "8"]
[White "manfredo"]
[Black "Rookmaster"]
[Result "0-1"]
[WhiteElo "1534"]
[BlackElo "1580"]
[Opening "Pirc defense"]
[ECO "B07"]
[Time "17:01:49"]
[PlyCount "50"]
[TimeControl "2700+45"]

1. e4 d6 2. d4 Nf6 3. Nc3 Nbd7 4. f4 e5 5. Nf3 exd4 6. Nxd4 g6 7. Bc4 Bg7 8. O-O
O-O 9. f5 Ne5 10. Bb3 c5 11. Nf3 c4 12. Nxe5 cxb3 13. Nc4 Nxe4 14. Nxe4 d5 15.
axb3 dxe4 16. fxg6 hxg6 17. Qe1 b5 18. Nd2 Qb6+ 19. Kh1 f5 20. Nxe4 fxe4 21.
Rxf8+ Kxf8 22. Qxe4 Bb7 23. Qb4+ Kg8 24. c4 Qf2 25. Bd2 Bxg2# {White checkmated}
0-1

[Event "Team 45 45 League T97"]
[Site "Internet Chess Club"]
[Date "2023.09.28"]
[Round "8"]
[White "trogers41"]
[Black "fvafier"]
[Result "1/2-1/2"]
[WhiteElo "1482"]
[BlackElo "1472"]
[Opening "French: advance, Paulsen attack"]
[ECO "C02"]
[Time "15:00:07"]
[PlyCount "65"]
[TimeControl "2700+45"]

1. e4 e6 2. d4 d5 3. e5 c5 4. c3 Nc6 5. Nf3 Qb6 6. Be2 cxd4 7. cxd4 Nh6 8. Nc3
Nf5 9. Na4 Qa5+ 10. Bd2 Bb4 11. Bc3 Bd7 12. a3 Bxc3+ 13. bxc3 Ncxd4 14. Nxd4
Qxa4 15. Nxf5 exf5 16. Qxd5 Bc6 17. Qd4 Rd8 18. Qxa4 Bxa4 19. O-O Ke7 20. Rab1
b6 21. Rb4 Bc6 22. Rd4 Ke6 23. f4 Rxd4 24. cxd4 Rd8 25. Rc1 Be4 26. Rc7 Rxd4 27.
Rxa7 Bd5 28. g3 Bc4 29. Bxc4+ Rxc4 30. Ra6 Rc6 31. a4 Kd5 32. Ra7 Ke6 33. Ra6
{Game drawn by mutual agreement} 1/2-1/2

[Event "Team 45 45 League T97"]
[Site "Internet Chess Club"]
[Date "2023.10.01"]
[Round "8"]
[White "Denis240964"]
[Black "CMAlge"]
[Result "1/2-1/2"]
[WhiteElo "1363"]
[BlackElo "1411"]
[Opening "Caro-Kann: Tartakower (Nimzovich) variation"]
[ECO "B15"]
[Time "09:02:40"]
[PlyCount "133"]
[TimeControl "2700+45"]

1. e4 c6 2. d4 d5 3. Nc3 dxe4 4. Nxe4 Nf6 5. Nxf6+ exf6 6. Nf3 Bd6 7. Bc4 O-O 8.
O-O Bg4 9. Be3 Nd7 10. Bd3 Qc7 11. h3 Bh5 12. Be2 Rfe8 13. c4 Rad8 14. c5 Nxc5
15. Kh1 Ne4 16. Qc1 Qe7 17. Re1 Ng3+ 18. Kg1 Nxe2+ 19. Rxe2 Qe4 20. Nd2 Qg6 21.
g4 Bxg4 22. hxg4 Qxg4+ 23. Kf1 Qh3+ 24. Ke1 Qh1+ 25. Nf1 Bb4+ 26. Bd2 Rxe2+ 27.
Kxe2 Qe4+ 28. Be3 Rxd4 29. a3 Qd3+ 30. Kf3 Qf5+ 31. Kg2 Rg4+ 32. Ng3 Bd6 33. Qe1
Bxg3 34. fxg3 Qd5+ 35. Kf2 Qf5+ 36. Kg1 Qe5 37. Bf2 h5 38. Qxe5 fxe5 39. Rd1 h4
40. Kg2 hxg3 41. Bxg3 Rc4 42. Bxe5 Kh7 43. Rd7 Kg6 44. Rxb7 a5 45. b3 Rc2+ 46.
Kf3 Ra2 47. a4 Ra3 48. Bc3 c5 49. Bxa5 c4 50. Rb4 cxb3 51. Ke2 Ra2+ 52. Kd3 b2
53. Bb6 Rxa4 54. Rxb2 Kf5 55. Bd4 f6 56. Rf2+ Ke6 57. Re2+ Kd5 58. Bc3 Ra6 59.
Rf2 g6 60. Bxf6 Ke6 61. Bd4 Kd5 62. Bc3 Re6 63. Rg2 Rd6 64. Rg5+ Kc6+ 65. Ke4
Re6+ 66. Re5 Rxe5+ 67. Kxe5 {Game drawn by mutual agreement} 1/2-1/2

[Event "Team 45 45 League T97"]
[Site "Internet Chess Club"]
[Date "2023.10.03"]
[Round "8"]
[White "julesraider"]
[Black "BlueStorm"]
[Result "1-0"]
[WhiteElo "1670"]
[BlackElo "1470"]
[Opening "QGD Slav defense"]
[ECO "D10"]
[Time "17:00:19"]
[PlyCount "105"]
[TimeControl "2700+45"]

1. d4 d5 2. c4 c6 3. Nc3 Bf5 4. Nf3 h6 5. e3 Nf6 6. Qb3 Qc7 7. Be2 e6 8. O-O Be7
9. a4 Nbd7 10. a5 O-O 11. c5 Ne4 12. Nb1 Bf6 13. Bd2 e5 14. Bc3 Nxc3 15. bxc3 e4
16. Nfd2 b6 17. axb6 axb6 18. cxb6 Qxb6 19. Rxa8 Rxa8 20. Qc2 Be7 21. c4 Be6 22.
c5 Qb4 23. Nc3 Qa5 24. Nb3 Qc7 25. Rb1 f5 26. g3 g5 27. Qd1 g4 28. Kg2 Nf8 29.
Ra1 Qd8 30. Na4 Nh7 31. Nb6 Rxa1 32. Qxa1 Ng5 33. Qa7 Nf3 34. Qa8 Qxa8 35. Nxa8
h5 36. Na5 Bd7 37. Nb6 Be8 38. Bd1 Ne1+ 39. Kf1 Nd3 40. Ba4 Nb4 41. Ke2 Bd8 42.
Kd2 Nd3 43. Bxc6 Bxc6 44. Nxc6 Bc7 45. Nxd5 Bxg3 46. fxg3 Kf7 47. Ncb4 Nf2 48.
c6 Ke8 49. c7 Kd7 50. Na6 Kd6 51. c8=Q Kxd5 52. Qxf5+ Kc4 53. Qxf2 {Black
resigns} 1-0

[Event "Team 45 45 League T97"]
[Site "Internet Chess Club"]
[Date "2023.09.30"]
[Round "8"]
[White "BrerRabbit"]
[Black "burlap"]
[Result "1/2-1/2"]
[WhiteElo "1354"]
[BlackElo "1329"]
[Opening "Catalan: closed, main line"]
[ECO "E09"]
[Time "20:01:37"]
[PlyCount "49"]
[TimeControl "2700+45"]

1. d4 d5 2. Nf3 c6 3. g3 e6 4. Bg2 Nd7 5. O-O Ngf6 6. c4 Be7 7. Qc2 O-O 8. Nbd2
b6 9. e4 Bb7 10. e5 Ne8 11. cxd5 cxd5 12. Re1 Rc8 13. Qd1 Qc7 14. Nb1 Bb4 15.
Bd2 Bxd2 16. Nbxd2 Qc2 17. Qxc2 Rxc2 18. b3 Nc7 19. Rec1 Rxc1+ 20. Rxc1 Rc8 21.
Bf1 Na6 22. Rxc8+ Bxc8 23. a3 Nc7 24. Bd3 Ba6 25. Bxa6 {Game drawn by mutual
agreement} 1/2-1/2

[Event "Team 45 45 League T97"]
[Site "Internet Chess Club"]
[Date "2023.09.30"]
[Round "8"]
[White "Toalla"]
[Black "smsxman"]
[Result "1/2-1/2"]
[WhiteElo "1087"]
[BlackElo "1370"]
[Opening "Queen's gambit declined"]
[ECO "D30"]
[Time "13:03:42"]
[PlyCount "113"]
[TimeControl "2700+45"]

1. d4 d5 2. c4 e6 3. Nf3 Nf6 4. h3 g6 5. Bg5 Bg7 6. e3 Nbd7 7. Nc3 c6 8. Be2 Qa5
9. O-O O-O 10. Qa4 Qc7 11. Qc2 a6 12. Rac1 Qa5 13. cxd5 cxd5 14. a3 b5 15. Bd3
Bb7 16. Qb3 Rab8 17. Bf4 Rbc8 18. Bd6 Rfe8 19. Bb4 Qb6 20. Ne2 a5 21. Bxa5 Qxa5
22. Qxb5 Qxb5 23. Bxb5 Rxc1 24. Rxc1 Rc8 25. Rxc8+ Bxc8 26. Nc3 Nb6 27. b3 Bd7
28. Bd3 Bc6 29. a4 Ne4 30. Bxe4 dxe4 31. Ne5 Bxe5 32. dxe5 Kg7 33. a5 Nd7 34. f4
exf3 35. gxf3 Bxf3 36. e4 Nc5 37. b4 Nxe4 38. Nb5 Be2 39. Nc7 Nc3 40. a6 Nd5 41.
Ne8+ Kf8 42. Nd6 Bxa6 43. b5 Bxb5 44. Nxb5 Ke7 45. Kf2 f6 46. exf6+ Kxf6 47. Kf3
g5 48. Nd4 h6 49. Kg4 h5+ 50. Kxh5 Nf4+ 51. Kg4 e5 52. Nf3 Ne6 53. h4 gxh4 54.
Nxh4 e4 55. Nf5 Ke5 56. Ng3 e3 57. Kf3 {Game drawn by mutual agreement} 1/2-1/2

[Event "Team 45 45 League T97"]
[Site "Internet Chess Club"]
[Date "2023.09.29"]
[Round "8"]
[White "stantheman59"]
[Black "oldbookseller"]
[Result "1-0"]
[WhiteElo "1103"]
[BlackElo "884"]
[Opening "Scotch opening"]
[ECO "C44"]
[Time "16:02:25"]
[PlyCount "43"]
[TimeControl "2700+45"]

1. e4 e5 2. Nf3 Nc6 3. d4 Bd6 4. d5 Nce7 5. Nc3 Nf6 6. h3 O-O 7. Bc4 b6 8. Nb5
Bc5 9. d6 Nxe4 10. dxe7 Bxf2+ 11. Kf1 Ng3+ 12. Kxf2 Ne4+ 13. Kg1 Qxe7 14. Qd5
Bb7 15. Qxb7 Qc5+ 16. Kh2 Rae8 17. Qxe4 g6 18. Bh6 Qf2 19. Bxf8 Kxf8 20. Rhf1
Qc5 21. Qd5 Qe7 22. Nxe5 {Black resigns} 1-0

[Event "Team 45 45 League T97"]
[Site "Internet Chess Club"]
[Date "2023.09.30"]
[Round "8"]
[White "Kingofknights"]
[Black "manfredo"]
[Result "0-1"]
[WhiteElo "1570"]
[BlackElo "1549"]
[Opening "King's Indian defense"]
[ECO "E60"]
[Time "17:00:48"]
[PlyCount "38"]
[TimeControl "2700+45"]

1. d4 Nf6 2. c4 g6 3. f3 e5 4. dxe5 Nh5 5. Nh3 Nc6 6. b3 Nxe5 7. e4 Bg7 8. Bb2
Nxf3+ 9. gxf3 Bxb2 10. Nd2 Bxa1 11. Qxa1 O-O 12. Bd3 Qh4+ 13. Nf2 Nf4 14. Bf1 d6
15. Qd4 Bh3 16. Kd1 Bxf1 17. Nxf1 Nh3 18. Nxh3 Qxh3 19. Qf2 f5 {White resigns}
0-1